 Dungeon Crawl Stone Soup version 0.31-a0-1540-g5a0b83f448 (webtiles) character file.

Game seed: 16136242643132445619

1453 voltaire321 the Digger (level 8, -2/60 HPs)
             Began as a Demonspawn Earth Elementalist on Jan 1, 2024.
             Was an Initiate of Makhleb.
             Incinerated by a bombardier beetle (4 damage)
             ... with a burning spray
             ... on level 6 of the Dungeon.
             The game lasted 00:15:08 (6068 turns).

voltaire321 the Digger (DsEE)                       Turns: 6068, Time: 00:15:08

Health: -2/60      AC: 11    Str: 14    XL:     8   Next: 47%
Magic:  12/14      EV:  8    Int: 16    God:    Makhleb [......]
Gold:   114        SH:  8    Dex: 14    Spells: 8/15 levels left

rFire   . . .        k - +1 short sword (speed)
rCold   . . .        A - +0 kite shield
rNeg    + . .        G - +0 scale mail of Lugonu, Singing {Rampage ^Drain rN+ Str+4}
rPois   .            (no helmet)
rElec   .            J - +0 cloak
rCorr   .            l - +0 pair of gloves
SInv    .            (no boots)
Will    .....        H - amulet of the acrobat Stlth
                     (no ring)
HPRegen 0.30/turn    (no ring)
MPRegen 0.14/turn

%: acrobat, rampage
@: on fire, very slightly contaminated, hasted, glowing, very quick
A: icy blue scales 1, foul stench 3, spiny 1, weakness stinger 1
a: Renounce Religion


You were on level 6 of the Dungeon.
You worshipped Makhleb.
Makhleb was noncommittal.
You visited 1 branch of the dungeon, and saw 6 of its levels.
You also visited: Sewer.

You collected 213 gold pieces.
You spent 99 gold pieces at shops.

Inventory:

Hand Weapons
 k - a +1 short sword of speed (weapon)
 F - a +0 rapier
Missiles
 d - 14 poisoned darts
 m - 2 throwing nets
Armour
 l - a +0 pair of gloves (worn)
 A - a +0 kite shield (worn)
 G - the +0 scale mail of Lugonu, Singing (worn) {Rampage ^Drain rN+ Str+4}
   (You found it on level 6 of the Dungeon)

   Str+4:     It affects your strength (+4).
   rN+:       It protects you from negative energy.
   ^Drain:    It drains your maximum health when unequipped.
   Rampage:   It bestows one free step when moving towards enemies.
 J - a +0 cloak (worn)
Jewellery
 H - an amulet of the acrobat (around neck)
Wands
 z - a wand of flame (31)
 I - a wand of iceblast (8)
Scrolls
 b - a scroll of torment {unknown}
 e - 4 scrolls of amnesia {unknown}
 g - 2 scrolls of poison {unknown}
 i - 2 scrolls of revelation {unknown}
 n - 2 scrolls of brand weapon {unknown}
 o - 3 scrolls of identify {unknown}
 q - a scroll of enchant armour {unknown}
 s - 2 scrolls of blinking {unknown}
 t - a scroll of summoning {unknown}
 w - 3 scrolls of immolation {unknown}
 y - 8 scrolls of teleportation {unknown}
 D - 4 scrolls of vulnerability {unknown}
 E - a scroll of enchant weapon {unknown}
Potions
 c - 3 potions of curing {unknown}
 f - 2 potions of haste
 h - a potion of cancellation {unknown}
 j - 2 potions of brilliance {unknown}
 p - 2 potions of attraction {unknown}
 r - a potion of lignification {unknown}
 u - a potion of berserk rage {unknown}
 v - a potion of resistance {unknown}
 x - a potion of heal wounds {unknown}
 B - 2 potions of degeneration {unknown}
 C - a potion of enlightenment {unknown}


   Skills:
 + Level 3.8 Fighting
 + Level 3.4 Armour
 + Level 4.1 Dodging
 - Level 1.7 Stealth
 + Level 2.1 Shields
 + Level 4.0 Spellcasting
 + Level 4.0 Conjurations
 + Level 4.4 Earth Magic
 + Level 2.8 Invocations


You had 8 spell levels left.
You knew the following spells:

 Your Spells              Type           Power      Damage    Failure   Level
a - Sandblast             Erth           34%        2d9       36%         1
b - Passwall              Erth           17%        N/A       75%         3
c - Stone Arrow           Conj/Erth      32%        3d9       77%         3

Your spell library contained the following spells:

 Spells                   Type           Power      Damage    Failure   Level
 Hailstorm                Conj/Ice       9%         3d6       97%         3
 Call Imp                 Summ           6%         N/A       98%         2
 Lesser Beckoning         Tloc           6%         N/A       98%         2
 Mercury Vapours          Alch/Air       6%         N/A       98%         2
 Sublimation of Blood     Necr           3%         N/A       98%         2
 Mephitic Cloud           Conj/Alch/Air  7%         N/A       99%         3
 Brom's Barrelling Bould  Conj/Erth      16%        2d4       99%         4
 Gell's Gravitas          Tloc           3%         N/A       100%        3
 Summon Ice Beast         Ice/Summ       3%         N/A       100%        3
 Teleport Other           Tloc           3%         N/A       100%        3
 Petrify                  Alch/Erth      10%        N/A       100%        4
 Freezing Cloud           Conj/Ice/Air   3%         6-21      100%        5
 Sculpt Simulacrum        Ice/Alch       1%         N/A       100%        6
 Ozocubu's Refrigeration  Ice            1%         4d7       100%        7
 Summon Hydra             Summ           1%         N/A       100%        7
 Polar Vortex             Ice            1%         N/A       100%        9


Dungeon Overview and Level Annotations

Branches:
Dungeon (6/15)              Sewer (visited)
 Temple: D:4-7

Altars:
Hepliaklqana
Makhleb
Sif Muna

Shops:
D:4 [

Annotations:
D:5 1 runed translucent door, tgirl's ghost, novice OpSh


Innate Abilities, Weirdness & Mutations

You are partially covered in icy blue scales. (AC +2)
You frequently emit foul miasma when damaged in melee.
You are partially covered in sharp spines.
You have a small tail.


Message History

The liquid fire burns you!
* * * LOW HITPOINT WARNING * * *
You hit the bombardier beetle but do no damage.
The bombardier beetle is heavily wounded.
The liquid fire burns you!
* * * LOW HITPOINT WARNING * * *
You block the bombardier beetle's attack.
You hit the bombardier beetle.
The bombardier beetle is heavily wounded.
The liquid fire burns you!
* * * LOW HITPOINT WARNING * * *
You hit the bombardier beetle but do no damage.
You tail-slap the bombardier beetle, but do no damage.
The bombardier beetle is heavily wounded.
The liquid fire burns you!
* * * LOW HITPOINT WARNING * * *
The bombardier beetle is struck by your spines.
The bombardier beetle barely misses you.
You barely miss the bombardier beetle.
Your tail-slap misses the bombardier beetle.
The bombardier beetle is severely wounded.
The liquid fire burns you!
* * * LOW HITPOINT WARNING * * *
Aiming: Sandblast (safe; 36% risk of failure)
Press: ? - help, Q - select action, (/) - cycle Shift-Dir - straight line, f/p - bombardier beetle
Aim: a bombardier beetle (severely wounded, 89% to hit)
You miscast Sandblast.
You are very lightly contaminated with residual magic.
Nothing appears to happen.
The liquid fire burns you!
* * * LOW HITPOINT WARNING * * *
You block the bombardier beetle's attack.
You hit the bombardier beetle.
Your tail-slap misses the bombardier beetle.
The bombardier beetle is severely wounded.
The liquid fire burns you!
* * * LOW HITPOINT WARNING * * *
It was a potion of haste.
You feel yourself speed up. The liquid fire burns you!
You die...

####### ......### #....
........## .#...
.........# #.#......##
......)..# # ....#...(###
.........# .###.......#..
.........## ....#......#
..........# ##B#...#...#
..........#
###@#..#.....##
..........#
#).#..........#
..........#
###...†)†.....#
..........# #####.#.....#
.........###
###..........##
.........#.#
#..#........##
........#..#
###.#..#...##
.......##.#######.#...#.#
.......#..# #(#....#....#


You could see a bombardier beetle.

Vanquished Creatures
  Eustachio (D:5)
  2 black bears (D:5)
  2 ogres
  4 kobold brigands (Sewer)
  A bullfrog (D:6)
  2 scorpions
  3 jellies
  2 bombardier beetles (D:4)
  3 hounds
  Crazy Yiuf (D:6)
  An orc wizard (D:6)
  3 gnolls (D:4)
  7 adders
  4 ufetubi (D:6)
  3 dart slugs
  2 ribbon worms
  7 orcs (D:6)
  15 ball pythons
  9 bats
  8 endoplasms
  2 giant cockroaches
  7 goblins
  4 hobgoblins
  4 jackals (D:1)
  9 kobolds
  2 quokkas
  A frilled lizard (D:3)
  11 rats
120 creatures vanquished.

Notes
Turn   | Place    | Note
-------+----------+-------------------------------------------
     0 | D:1      | voltaire321 the Demonspawn Earth Elementalist began the
                  | quest for the Orb.
     0 | D:1      | Reached XP level 1. HP: 13/13 MP: 3/3
   192 | D:1      | Gained mutation: You may rarely emit foul miasma when
                  | damaged in melee. [demonic ancestry]
   192 | D:1      | Reached XP level 2. HP: 20/20 MP: 0/5
   344 | D:1      | Found a faded altar of an unknown god.
  1145 | D:1      | Gained mutation: You have a small tail. [demonic ancestry]
  1145 | D:1      | Reached XP level 3. HP: 24/25 MP: 2/6
  1312 | D:2      | Reached skill level 1 in Fighting
  1339 | D:2      | Found a shimmering blue altar of Sif Muna.
  1409 | D:2      | Learned a level 3 spell: Passwall
  2150 | D:3      | Found a glowing drain.
  2178 | Sewer    | Entered a sewer
  2232 | Sewer    | Reached skill level 1 in Armour
  2232 | Sewer    | Gained mutation: You are partially covered in icy blue
                  | scales. (AC +2) [demonic ancestry]
  2232 | Sewer    | Reached XP level 4. HP: 27/32 MP: 3/7
  2607 | Sewer    | Noticed a kobold brigand
  2628 | Sewer    | Killed a kobold brigand
  2629 | Sewer    | Gained mutation: You sometimes emit foul miasma when
                  | damaged in melee. [demonic ancestry]
  2629 | Sewer    | Reached XP level 5. HP: 27/38 MP: 1/8
  2804 | Sewer    | Gained mutation: You frequently emit foul miasma when
                  | damaged in melee. [demonic ancestry]
  2804 | Sewer    | Reached XP level 6. HP: 14/44 MP: 7/10
  3213 | D:3      | Learned a level 3 spell: Stone Arrow
  3358 | D:4      | Found Bonoqoc's Antique Armour Boutique.
  3622 | D:4      | Gained mutation: You are partially covered in sharp spines.
                  | [demonic ancestry]
  3622 | D:4      | Reached XP level 7. HP: 43/51 MP: 1/12
  3956 | D:4      | Bought a kite shield for 99 gold pieces
  4252 | D:4      | Found a burning altar of Makhleb.
  4253 | D:4      | Found a hazy altar of Hepliaklqana.
  4259 | D:4      | Became a worshipper of Makhleb the Destroyer
  4386 | D:5      | Entered Level 5 of the Dungeon
  4425 | D:5      | Noticed Eustachio
  4463 | D:5      | Killed Eustachio
  4464 | D:5      | Reached skill level 1 in Shields
  4464 | D:5      | Reached skill level 1 in Invocations
  4618 | D:5      | Reached XP level 8. HP: 47/58 MP: 10/13
  4796 | D:5      | Found a runed translucent door.
  4796 | D:5      | Noticed tgirl's ghost (novice OpSh)
  5421 | D:6      | Identified the +0 scale mail of Lugonu, Singing {Rampage
                  | ^Drain rN+ Str+4}
  5688 | D:6      | Found a runed translucent door.
  5689 | D:6      | Noticed Crazy Yiuf
  5698 | D:6      | Killed Crazy Yiuf
  6067 | D:6      | HP: 2/60 [burnt (3)]
  6068 | D:6      | Incinerated by a bombardier beetle

Illustrated notes

Levels and vault maps discovered:
D:1:      dpeg_arrival_round_c, layout_loops_ring, basic_ecumenical_altar,
          minmay_misc_feat_alley
D:2:      layout_basic, basic_altar, grunt_decor_mini_mirrors,
          minmay_pentomino_q2
D:3:      layout_basic, mainiacjoe_sewer_entry_somewhere_in_here_1
D:4:      layout_cave_pools, mainiacjoe_overflow_big_doors, serial_shops, shop
D:5:      layout_basic, gammafunk_ghost_grave, dreamdust_mushroom_princess,
          uniq_eustachio
D:6:      layout_cave_pods, minmay_temple_entry_sparse_star,
          minmay_increasing_density, uniq_crazy_yiuf_cottage

Skill      XL: |  1  2  3  4  5  6  7  8 |
---------------+-------------------------+-----
Dodging        | 2 3 4 |  4.1
Fighting       | 1 2 3 |  3.8
Earth Magic    | 3 4 |  4.4
Armour         | 1 2 3 |  3.4
Conjurations   | 2 3 4 |  4.0
Spellcasting   | 3 4 |  4.0
Shields        | 1 2 |  2.1
Invocations    | 2 |  2.8
Stealth        | |  1.7

Action                     |  1- 3 |  4- 6 |  7- 9 || total
---------------------------+-------+-------+-------++-------
  Melee: Mace              |     7 |       |       ||     7
         Flail             |     4 |       |       ||     4
         Short sword       |    21 |    29 |   127 ||   177
         Tailslap          |     1 |     1 |    22 ||    24
  Throw: Dart              |       |     3 |       ||     3
   Cast: Sandblast         |    65 |    69 |    29 ||   163
    Use: Potion            |       |     1 |     1 ||     2
 Armour: Robe              |    28 |    40 |    37 ||   105
         Scale mail        |       |       |    45 ||    45
  Dodge: Dodged            |    37 |    45 |    51 ||   133
  Block: Kite shield       |       |       |    69 ||    69

Table legend: (Time is in decaauts)
 A = Elapsed time spent in this place.
 B = Non-inter-level travel time spent in this place.
 C = Inter-level travel time spent in this place.
 D = Time resting spent in this place.
 E = Time spent auto-exploring this place.
 F = Levels seen in this place.
 G = Mean time per level.
                   A        B        C        D        E       F      G
               +--------+--------+--------+--------+--------+-----+--------+
         Total |   6182 |   6055 |    127 |   1625 |   3251 |   7 |  883.1 |
       Dungeon |   5223 |   5096 |    127 |   1055 |   3069 |   6 |  870.5 |
         Sewer |    959 |    959 |      0 |    570 |    182 |   1 |  959.0 |
               +--------+--------+--------+--------+--------+-----+--------+

Top non-repeatable levels by time:
     D:1: 1321 daAuts
     D:4: 1103 daAuts
   Sewer: 959 daAuts
     D:5: 887 daAuts
     D:6: 730 daAuts
     D:2: 684 daAuts
     D:3: 496 daAuts
